[Event "Titled Tuesday Blitz August 31 2021"]
[White "Perera Alfonso, Rene Humberto"]
[Black "Mokshanov, Alexey"]
[WhiteFideId "3514722"]
[BlackFideId "24121657"]
[WhiteElo "2313"]
[BlackElo "2262"]
[Result "0-1"]
[Round "10"]
[TimeControl "180+1"]
[Date "2021.08.31"]
[WhiteClock "0:00:14"]
[BlackClock "0:00:44"]

1. e4 e6 2. d4 d5 3. Nc3 Nf6 4. e5 Nfd7 5. f4 c5 6. Nf3 Nc6 7. Be3 Be7 8. Qd2 O-O 9. g3 b6 10. Bg2 f5 11. exf6 Nxf6 12. Ne5 Bb7 13. Nxc6 Bxc6 14. O-O Ng4 15. Kh1 Nxe3 16. Qxe3 cxd4 17. Qxe6+ Kh8 18. Qxc6 Rc8 19. Qxd5 dxc3 20. b3 Qxd5 21. Bxd5 Rcd8 22. Rad1 g6 23. Kg2 Bf6 24. Kf3 Rfe8 25. Bc4 Kg7 26. Bb5 Rf8 27. Rfe1 Rd2 28. Rxd2 cxd2 29. Rd1 Rd8 30. Bd3 Bc3 31. Be2 Re8 32. Bd3 h5 33. Be2 Kf6 34. Bd3 Re7 35. h4 Re8 36. Be2 Re7 37. Bd3 Re8 38. Be4 b5 39. a3 a5 40. Bd3 b4 41. a4 Re7 42. Be2 Kg7 43. Bd3 Re6 44. Be2 Kf6 45. Bd3 Ke7 46. Be2 Kd6 47. Bd3 Kc5 48. Be2 Kd4 49. Bd3 Re3+ 50. Kf2 Rxd3 51. cxd3 Kxd3 52. g4 hxg4 53. h5 gxh5 54. f5 h4 55. Rh1 h3 56. Kg3 Kc2 57. Kxg4 d1=Q+ 58. Rxd1 Kxd1 59. Kxh3 Kc2 0-1


[Site "https://www.chess.com"]

[Event "Titled Tuesday Blitz August 31 2021"]
[White "Perez Gormaz, Matias"]
[Black "Aditya Mittal"]
[WhiteFideId "3406342"]
[BlackFideId "35042025"]
[WhiteElo "2352"]
[BlackElo "2171"]
[Result "1-0"]
[Round "10"]
[TimeControl "180+1"]
[Date "2021.08.31"]
[WhiteClock "0:00:12"]
[BlackClock "0:00:04"]

1. a3 e5 2. b4 d5 3. Bb2 Nd7 4. Nf3 e4 5. Nd4 Ngf6 6. e3 g6 7. Be2 Bg7 8. d3 O-O 9. Nd2 exd3 10. cxd3 c6 11. h4 h5 12. N2f3 Re8 13. Ng5 Nf8 14. O-O N6h7 15. Ngf3 Ne6 16. Nxe6 Bxe6 17. Bxg7 Kxg7 18. Qd2 Bg4 19. g3 Qf6 20. Nd4 Bxe2 21. Nxe2 g5 22. Qc3 gxh4 23. Qxf6+ Kxf6 24. gxh4 Rg8+ 25. Kh2 Rg4 26. Kh3 Ke7 27. Ng3 Nf6 28. Nxh5 Rh8 29. f3 Rg6 30. Ng3 Ke6 31. e4 Rgh6 32. Nf5 R6h7 33. Rg1 Nh5 34. Rg4 Nf6 35. Rg5 Nh5 36. Kg4 Nf6+ 37. Kf4 Rxh4+ 38. Nxh4 Rxh4+ 39. Ke3 Rh2 40. f4 dxe4 41. dxe4 Rb2 42. Re5+ Kd6 43. Rd1+ Kc7 44. Rf5 Rb3+ 45. Rd3 Ng4+ 46. Kd4 Rb2 47. Rxf7+ Kb6 48. e5 Nf2 49. Rf3 Re2 50. e6 Re4+ 51. Kc3 Ng4 52. f5 Ne5 53. Rg3 Rc4+ 54. Kb3 Re4 55. Rh7 a5 56. bxa5+ Kxa5 57. Rhh3 Ng4 58. Rxg4 Rxg4 59. Re3 Rf4 60. e7 Rxf5 61. e8=Q Rb5+ 62. Kc3 Kb6 63. Qd8+ Ka6 64. Re8 Rc5+ 65. Kd4 Rb5 66. Qa8+ Kb6 67. a4 Rb4+ 68. Kc3 Rh4 69. Qd8+ Ka6 70. Qxh4 1-0


[Site "https://www.chess.com"]

[Event "Titled Tuesday Blitz August 31 2021"]
[White "Pert, Richard G"]
[Black "Hansen, Sune Berg"]
[WhiteFideId "404748"]
[BlackFideId "1400266"]
[WhiteElo "2441"]
[BlackElo "2727"]
[Result "1-0"]
[Round "10"]
[TimeControl "180+1"]
[Date "2021.08.31"]
[WhiteClock "0:00:05"]
[BlackClock "0:00:07"]

1. d4 Nf6 2. Bg5 d5 3. e3 c5 4. Bxf6 exf6 5. Nc3 Be6 6. Nge2 Nc6 7. g3 cxd4 8. exd4 Qb6 9. Bg2 Rd8 10. O-O Be7 11. Nf4 Qxd4 12. Ncxd5 Bd6 13. Re1 Qxd1 14. Raxd1 Be5 15. c4 O-O 16. Nd3 Bd4 17. b4 Bg4 18. Rd2 Rfe8 19. Rxe8+ Rxe8 20. h3 Bf5 21. b5 Na5 22. N3f4 Bc5 23. Bf1 h6 24. g4 Be4 25. Nc7 Re7 26. Nfd5 Re5 27. Kh2 Bf3 28. Bg2 Nxc4 29. Rc2 Bxd5 30. Nxd5 Bd6 31. f4 Rxd5 32. Bxd5 Ne3 33. Rc8+ Kh7 34. Bxf7 Bxf4+ 35. Kg1 g5 36. Be6 Kg7 37. Ra8 Bd6 38. Rxa7 Bc5 39. Rxb7+ Kf8 40. Bf5 Nxf5+ 41. Kg2 Ne3+ 42. Kf3 Nd5 43. a4 Nc3 44. a5 Na4 45. b6 Bd6 46. a6 Ke8 47. a7 1-0


[Site "https://www.chess.com"]

[Event "Titled Tuesday Blitz August 31 2021"]
[White "Piesik, Piotr"]
[Black "Solon, Nathan"]
[WhiteFideId "1136194"]
[BlackFideId "2017229"]
[WhiteElo "2395"]
[BlackElo "2661"]
[Result "0-1"]
[Round "10"]
[TimeControl "180+1"]
[Date "2021.08.31"]
[WhiteClock "0:01:14"]
[BlackClock "0:00:17"]

1. Nf3 d5 2. g3 g6 3. Bg2 Bg7 4. d4 Nf6 5. O-O O-O 6. c4 c6 7. Nc3 a5 8. cxd5 cxd5 9. Bf4 Nc6 10. Ne5 Qb6 11. Na4 Qd8 12. Nxc6 bxc6 13. Be5 Ba6 14. Nc5 Nd7 15. Bxg7 Kxg7 16. Rc1 Nxc5 17. Rxc5 Qd6 18. Qd2 a4 19. Rfc1 Bb5 20. Bxd5 Rfd8 21. e3 cxd5 22. Rxb5 Rdb8 23. Rbc5 Rb6 24. R1c2 Rab8 25. Qc1 h5 26. h4 e6 27. Rc6 Rxc6 28. Rxc6 Qb4 29. Rc2 Rb7 30. Qd2 Qb5 31. Qc3 Qb6 32. Qc5 Qa6 33. Kg2 Rb5 34. Qe7 Rb7 35. Qe8 Qb5 36. Qxb5 Rxb5 37. Kf1 Kf6 38. Ke2 Kf5 39. f3 f6 40. Kd3 g5 41. hxg5 fxg5 42. Rh2 Kg6 43. Kc3 Rb8 44. b3 axb3 45. axb3 Rf8 46. Rf2 g4 47. f4 h4 48. gxh4 Kh5 49. b4 g3 50. Rb2 Kxh4 51. b5 Kh3 52. Kb4 g2 53. Rb1 Kh2 54. b6 g1=Q 55. Rxg1 Kxg1 56. Kc5 Kf2 57. Kd6 Kxe3 58. Kxe6 Kxd4 59. f5 Kc5 60. b7 d4 61. f6 Kc6 62. Ke7 Rh8 0-1


[Site "https://www.chess.com"]

[Event "Titled Tuesday Blitz August 31 2021"]
[White "Pires, Marcos Vinicius Torsani"]
[Black "Urazayev, Arystanbek"]
[WhiteFideId "2118939"]
[BlackFideId "13709810"]
[WhiteElo "2273"]
[BlackElo "2321"]
[Result "0-1"]
[Round "10"]
[TimeControl "180+1"]
[Date "2021.08.31"]
[WhiteClock "0:00:01"]
[BlackClock "0:00:23"]

1. e4 c5 2. c3 f5 3. exf5 Nf6 4. d4 d5 5. Bb5+ Nc6 6. Nf3 Bxf5 7. O-O e6 8. Ne5 Rc8 9. c4 a6 10. Ba4 Bd6 11. cxd5 exd5 12. Nxc6 bxc6 13. dxc5 Bxc5 14. Re1+ Kf7 15. Be3 Bxe3 16. Rxe3 Re8 17. Rxe8 Qxe8 18. Nc3 Qe5 19. Qd2 c5 20. Re1 Qd6 21. Bb3 c4 22. Bc2 Bxc2 23. Qxc2 Re8 24. Rxe8 Kxe8 25. h3 d4 26. Ne4 Nxe4 27. Qxe4+ Kf7 28. Qb7+ Kf6 29. Qf3+ Kg5 30. Qg4+ Kh6 31. h4 g6 32. Qe2 d3 33. Qd2+ Kg7 34. Qc3+ Qf6 35. Qxc4 d2 36. Qc7+ Kh6 37. Qc2 Qd4 38. Qd1 Qxb2 39. Kf1 Qb5+ 40. Kg1 Qd3 41. f3 a5 42. Kf2 a4 43. g4 a3 44. Kg2 Kg7 45. Kf2 Kf7 46. h5 g5 47. Kg2 h6 48. Kf2 Kf6 49. Kg2 Ke5 50. Kg3 Qe3 51. Qa1+ Ke6 0-1


[Site "https://www.chess.com"]

[Event "Titled Tuesday Blitz August 31 2021"]
[White "Potapova, Margarita"]
[Black "Prydun, Andriy"]
[WhiteFideId "14126869"]
[BlackFideId "14145898"]
[WhiteElo "2214"]
[BlackElo "2047"]
[Result "1-0"]
[Round "10"]
[TimeControl "180+1"]
[Date "2021.08.31"]
[WhiteClock "0:00:47"]
[BlackClock "0:00:04"]

1. d4 d5 2. c4 c6 3. Nf3 Nf6 4. g3 e6 5. Bg2 Nbd7 6. O-O Be7 7. Nbd2 O-O 8. Qc2 b6 9. e4 Bb7 10. e5 Ne8 11. cxd5 cxd5 12. Rd1 Rc8 13. Qa4 Bc6 14. Qb3 f6 15. exf6 Bxf6 16. Qe3 Qe7 17. Re1 Nc7 18. Nb3 Rce8 19. Bd2 Bb5 20. Rac1 Bc4 21. a3 Nb5 22. Bb4 Nd6 23. Ne5 Rc8 24. Nd2 a5 25. Bc3 Nf5 26. Qf4 Bg5 27. Qg4 Nxe5 28. Rxe5 b5 29. Rce1 b4 30. Rxe6 Qb7 31. axb4 axb4 32. Qxg5 bxc3 33. bxc3 Qb2 34. Nxc4 dxc4 35. Bd5 Kh8 36. R6e2 Qxc3 37. Be6 Nh6 38. Bxc8 Rxc8 39. Re8+ Rxe8 40. Rxe8+ Ng8 41. Qd8 1-0


[Site "https://www.chess.com"]

[Event "Titled Tuesday Blitz August 31 2021"]
[White "Pridorozhni, Aleksei"]
[Black "Hansen, Eric"]
[WhiteFideId "4127870"]
[BlackFideId "2606771"]
[WhiteElo "2565"]
[BlackElo "2568"]
[Result "1-0"]
[Round "10"]
[TimeControl "180+1"]
[Date "2021.08.31"]
[WhiteClock "0:00:08"]
[BlackClock "0:00:15"]

1. e4 e5 2. f4 exf4 3. Bc4 Ne7 4. Nc3 d5 5. Bxd5 Nxd5 6. Nxd5 Qh4+ 7. Kf1 Bd6 8. Nf3 Qd8 9. d4 c6 10. Nxf4 O-O 11. Kf2 Bg4 12. c3 c5 13. e5 Bc7 14. dxc5 Nd7 15. Re1 Bxf3 16. Qxf3 Nxe5 17. Qxb7 Re8 18. Re2 g5 19. Nd5 Ng4+ 20. Ke1 Bxh2 21. Qc6 Rxe2+ 22. Kxe2 Rc8 23. Qxc8 1-0


[Site "https://www.chess.com"]

[Event "Titled Tuesday Blitz August 31 2021"]
[White "Przybylski, Wojciech"]
[Black "Petriashvili, Nikoloz"]
[WhiteFideId "1117599"]
[BlackFideId "13611216"]
[WhiteElo "2250"]
[BlackElo "2430"]
[Result "0-1"]
[Round "10"]
[TimeControl "180+1"]
[Date "2021.08.31"]
[WhiteClock "0:00:05"]
[BlackClock "0:01:28"]

1. e4 c5 2. Nf3 Nc6 3. Bb5 g6 4. O-O Bg7 5. c3 Nf6 6. Qe2 O-O 7. Rd1 d6 8. h3 e5 9. Bxc6 bxc6 10. d3 Nh5 11. Nh2 Qh4 12. Nf3 Qf6 13. Bg5 Nf4 14. Qe3 Qe6 15. Bxf4 exf4 16. Qxf4 Rb8 17. Na3 Ba6 18. Rab1 Qxa2 19. Qxd6 Rxb2 20. Qxc5 Rxb1 21. Nxb1 Bxd3 22. Nbd2 Qc2 23. Re1 Qxc3 24. Qxc3 Bxc3 25. Re3 Rd8 26. Ne1 Bxd2 27. Rxd3 Rxd3 28. Nxd3 a5 29. Nc5 Bb4 30. Na4 Kf8 31. Kf1 Ke7 32. Ke2 Ke6 33. f4 Bd6 34. Ke3 c5 35. g4 g5 36. e5 Be7 37. Ke4 gxf4 38. Kxf4 Kd5 39. Nb6+ Kd4 40. Nc8 Bf8 41. Nb6 c4 42. Nd7 c3 43. Nxf8 c2 44. Nxh7 c1=Q+ 45. Kf5 Qc2+ 46. Kf6 Qxh7 47. Ke7 Qg6 48. Kf8 Qe6 49. g5 Kxe5 50. h4 Kf5 51. h5 Kxg5 52. h6 Kf6 53. h7 Qc8# 0-1


[Site "https://www.chess.com"]

[Event "Titled Tuesday Blitz August 31 2021"]
[White "Qashashvili, Alexandre"]
[Black "Buscar, Michael"]
[WhiteFideId "13600842"]
[BlackFideId "2603616"]
[WhiteElo "2316"]
[BlackElo "2010"]
[Result "1-0"]
[Round "10"]
[TimeControl "180+1"]
[Date "2021.08.31"]
[WhiteClock "0:00:07"]
[BlackClock "0:00:07"]

1. e4 c5 2. Nc3 Nc6 3. Nf3 Nf6 4. d3 g6 5. Be3 d6 6. Qd2 Bg7 7. Bh6 O-O 8. h4 Nd4 9. Rc1 b5 10. h5 Nxh5 11. Rxh5 gxh5 12. Nxd4 Bxd4 13. Qg5+ Kh8 14. Bxf8 Qxf8 15. Qxh5 a6 16. Be2 Be6 17. a3 Qg7 18. Nd1 Qxg2 19. Kd2 Bxf2 20. Nxf2 Rg8 21. Rf1 Rg5 22. Qf3 Qh2 23. Rh1 Qe5 24. c3 b4 25. axb4 cxb4 26. Rh5 bxc3+ 27. bxc3 Bg4 28. Rxg5 Qxg5+ 29. Qe3 Qxe3+ 30. Kxe3 Bxe2 31. Kxe2 Kg8 32. d4 Kf8 33. Kd3 Ke8 34. Kc4 Kd7 35. Kb4 Kc7 36. Ka5 Kb7 37. Nh3 h5 38. c4 h4 39. Nf4 e6 40. Kb4 Kc6 41. Nh3 f5 42. d5+ Kd7 43. exf5 exf5 44. Ka5 Ke7 45. Kxa6 Kf6 46. Kb6 Ke5 47. Kc6 f4 48. c5 dxc5 49. d6 f3 50. d7 c4 51. d8=Q c3 52. Qd1 Ke4 53. Qc2+ Ke3 54. Qxc3+ Ke2 55. Qe5+ Kf1 56. Qf4 Kg2 57. Qg4+ Kh2 58. Qxh4 Kg2 59. Qf2+ Kh1 60. Qxf3+ Kh2 61. Qg4 Kh1 62. Qg1# 1-0


[Site "https://www.chess.com"]

[Event "Titled Tuesday Blitz August 31 2021"]
[White "Quintiliano Pinto, Renato R."]
[Black "Brunello, Marina"]
[WhiteFideId "2117568"]
[BlackFideId "822590"]
[WhiteElo "2439"]
[BlackElo "2328"]
[Result "1-0"]
[Round "10"]
[TimeControl "180+1"]
[Date "2021.08.31"]
[WhiteClock "0:00:10"]
[BlackClock "0:00:07"]

1. Nf3 d5 2. e3 Nf6 3. b3 Bg4 4. Bb2 c6 5. h3 Bh5 6. c4 e6 7. Be2 Nbd7 8. O-O Bg6 9. Nc3 Bd6 10. d4 O-O 11. Nh4 Be4 12. Rc1 Re8 13. f3 Bg6 14. Nxg6 hxg6 15. f4 Rc8 16. Bf3 Nh7 17. Qd2 g5 18. f5 exf5 19. cxd5 c5 20. Nb5 Ndf6 21. Nxd6 Qxd6 22. dxc5 Qg3 23. d6 Rcd8 24. Qf2 Qxf2+ 25. Rxf2 Ne4 26. Bxe4 Rxe4 27. Rxf5 Rxe3 28. Rcf1 f6 29. Rd5 Nf8 30. Rd2 Kf7 31. Rc1 Ne6 32. b4 Nf4 33. Kf1 Ke6 34. Re1 Rxe1+ 35. Kxe1 Kd7 36. g3 Re8+ 37. Kf1 Nxh3 38. Rd4 f5 39. Bc1 g4 40. a4 a6 41. b5 axb5 42. axb5 Ra8 43. Ke1 Ra1 44. Kd1 Nf2+ 45. Kc2 Ne4 46. c6+ bxc6 47. bxc6+ Kxc6 48. d7 Ra2+ 49. Kb3 Ra8 50. d8=Q Nc5+ 51. Kc2 Rxd8 52. Rxd8 1-0


[Site "https://www.chess.com"]

[Event "Titled Tuesday Blitz August 31 2021"]
[White "Real De Azua, Ernesto"]
[Black "Tomiello, Mateus Costamilan"]
[WhiteFideId "108154"]
[BlackFideId "22701958"]
[WhiteElo "2476"]
[BlackElo "1975"]
[Result "0-1"]
[Round "10"]
[TimeControl "180+1"]
[Date "2021.08.31"]
[WhiteClock "0:00:02"]
[BlackClock "0:00:04"]

1. c4 e5 2. Nc3 Nf6 3. Nf3 e4 4. Ng5 b5 5. d3 exd3 6. Qxd3 bxc4 7. Qxc4 d5 8. Qa4+ c6 9. Nf3 Be7 10. e3 O-O 11. Be2 Qb6 12. O-O Nbd7 13. Qc2 Bb7 14. b3 Rac8 15. Bb2 c5 16. Rad1 Rfe8 17. Qf5 Qe6 18. Bd3 g6 19. Qxe6 fxe6 20. Rfe1 e5 21. e4 d4 22. Na4 Bc6 23. Ng5 Bxa4 24. Bc4+ Kh8 25. bxa4 Nb6 26. Be6 Rb8 27. a5 Na4 28. Ba1 h6 29. Nf3 Bd6 30. Bb3 Rb4 31. Nd2 Bc7 32. Nc4 Nd7 33. Rd3 Reb8 34. h4 R8b5 35. h5 g5 36. Rf3 Kg7 37. Rc1 Nf6 38. Nd2 Bxa5 39. Nc4 Bc7 40. Rf5 Nb6 41. Nxe5 Bxe5 42. Rxe5 c4 43. Rxb5 Rxb5 44. Bxc4 Rc5 45. Bxd4 Rxc4 46. Rd1 Kf7 47. f3 Nfd7 48. Bf2 Ra4 0-1


[Site "https://www.chess.com"]

[Event "Titled Tuesday Blitz August 31 2021"]
[White "Rustemov, Alexander"]
[Black "Mukhutdinov, Tigran"]
[WhiteFideId "4119002"]
[BlackFideId "34108570"]
[WhiteElo "2757"]
[BlackElo "2154"]
[Result "1-0"]
[Round "10"]
[TimeControl "180+1"]
[Date "2021.08.31"]
[WhiteClock "0:01:29"]
[BlackClock "0:00:54"]

1. d4 Nf6 2. c4 g6 3. Nf3 Bg7 4. g3 O-O 5. Bg2 d5 6. cxd5 Nxd5 7. O-O Nc6 8. Nc3 e5 9. Bg5 Nxc3 10. bxc3 f6 11. Be3 Be6 12. dxe5 fxe5 13. Rb1 Qc8 14. Ng5 Bc4 15. Bd5+ Bxd5 16. Qxd5+ Kh8 17. Nf7+ Rxf7 18. Qxf7 e4 19. Rfd1 Ne5 20. Qd5 c6 21. Qxe4 Qh3 22. Qg2 Qf5 23. Rxb7 Re8 24. Bd4 c5 25. Bxe5 Qxe5 26. Rdd7 Qxe2 27. Qf1 Qxf1+ 28. Kxf1 Bxc3 29. Rxh7+ Kg8 30. Rxa7 Bd4 31. Rhd7 Rf8 32. f4 g5 33. Ke2 gxf4 34. gxf4 Re8+ 35. Kd3 Rf8 36. a4 Bg1 37. Rg7+ 1-0


[Site "https://www.chess.com"]

[Event "Titled Tuesday Blitz August 31 2021"]
[White "Samsonkin, Artiom"]
[Black "Boyer, Mahel"]
[WhiteFideId "13503111"]
[BlackFideId "45102422"]
[WhiteElo "2513"]
[BlackElo "2328"]
[Result "1-0"]
[Round "10"]
[TimeControl "180+1"]
[Date "2021.08.31"]
[WhiteClock "0:00:12"]
[BlackClock "0:00:01"]

1. e4 Nc6 2. Nf3 d5 3. exd5 Qxd5 4. Nc3 Qh5 5. Nb5 Kd8 6. Be2 Bg4 7. Nc3 e6 8. d4 Nf6 9. h3 Kc8 10. a3 Bd6 11. Be3 Rd8 12. Rg1 Bxf3 13. Bxf3 Qa5 14. b4 Qf5 15. g4 Qg6 16. g5 Nd5 17. Nxd5 exd5 18. Bxd5 Bxb4+ 19. axb4 Rxd5 20. c4 Rd7 21. b5 Nxd4 22. Bxd4 Qe4+ 23. Kf1 Rxd4 24. Qh5 Qf5 25. Re1 b6 26. Rg4 Rxg4 27. hxg4 Qd3+ 28. Kg1 Qd7 29. Qxh7 a6 30. Qe4 Kb8 31. g6 fxg6 32. Qxg6 axb5 33. cxb5 Ra5 34. Re8+ Ka7 35. Qe4 Ra1+ 36. Kg2 c6 37. Re7 cxb5 38. Rxd7+ Ka6 39. Qa8# 1-0


[Site "https://www.chess.com"]

[Event "Titled Tuesday Blitz August 31 2021"]
[White "Sargsyan, Anna M."]
[Black "Maksimovic, Bojan"]
[WhiteFideId "13308130"]
[BlackFideId "14408120"]
[WhiteElo "2263"]
[BlackElo "2439"]
[Result "1-0"]
[Round "10"]
[TimeControl "180+1"]
[Date "2021.08.31"]
[WhiteClock "0:01:38"]
[BlackClock "0:00:15"]

1. d4 Nf6 2. c4 a6 3. Nf3 c5 4. g3 cxd4 5. Nxd4 e6 6. Bg2 Qc7 7. b3 Nc6 8. O-O Be7 9. Bb2 d6 10. Nd2 Bd7 11. Rc1 O-O 12. e4 Ne5 13. Qe2 Rac8 14. f4 Nc6 15. Kh1 Rfe8 16. N2f3 Nxd4 17. Bxd4 Bc6 18. e5 dxe5 19. Bxe5 Qa5 20. Bc3 Qh5 21. Qe5 Qxe5 22. Nxe5 Bxg2+ 23. Kxg2 Red8 24. Rcd1 Bc5 25. Kf3 Kf8 26. Nd3 Be7 27. Ba5 Rd7 28. Ne5 Rxd1 29. Rxd1 Ke8 30. g4 Ba3 31. g5 Ng8 32. Rd7 Ne7 33. Rxb7 Bb2 34. Bb4 Nf5 35. Nxf7 a5 36. Nd6+ Nxd6 37. Bxd6 a4 38. Ke4 axb3 39. axb3 Ra8 40. Rb8+ Rxb8 41. Bxb8 g6 42. b4 Kd7 43. b5 Ba3 44. Be5 Bc5 45. Bd4 Bd6 46. c5 Be7 47. c6+ Kc7 48. Ke5 Bd6+ 49. Kxe6 Bxf4 50. Be5+ 1-0


[Site "https://www.chess.com"]

[Event "Titled Tuesday Blitz August 31 2021"]
[White "Schmakel, Sam"]
[Black "Shishkov, Andrei"]
[WhiteFideId "2039311"]
[BlackFideId "4500563"]
[WhiteElo "2356"]
[BlackElo "2322"]
[Result "1-0"]
[Round "10"]
[TimeControl "180+1"]
[Date "2021.08.31"]
[WhiteClock "0:00:02"]
[BlackClock "0:00:05"]

1. d4 Nf6 2. c4 e6 3. Nf3 d5 4. Nc3 c5 5. cxd5 Nxd5 6. e4 Nxc3 7. bxc3 cxd4 8. cxd4 Bb4+ 9. Bd2 Bxd2+ 10. Qxd2 O-O 11. Bc4 Nd7 12. O-O b6 13. Rad1 Bb7 14. Rfe1 Rc8 15. Bb3 Re8 16. h4 Nf6 17. Qf4 Qc7 18. Ne5 Re7 19. Rd3 Nd7 20. Rg3 f6 21. Nd3 Qxf4 22. Nxf4 Nf8 23. e5 Kf7 24. exf6 gxf6 25. Rge3 Rce8 26. d5 exd5 27. Nxd5 Rxe3 28. Nxe3+ Kg6 29. Rc1 Ne6 30. Bxe6 Rxe6 31. Rc7 Be4 32. Rxa7 Rc6 33. f3 Rc1+ 34. Kf2 Bc6 35. g4 h5 36. Ng2 hxg4 37. Nf4+ Kf5 38. Ne2 Rc2 39. Ke3 Ke5 40. f4+ Kd6 41. Nd4 Rc3+ 42. Kd2 Rc4 43. Nxc6 Kxc6 44. Ke3 g3 45. Rg7 Rc3+ 46. Ke4 Ra3 47. Kf5 Rxa2 48. Rxg3 Rh2 49. Rg4 b5 50. Kxf6 b4 51. f5 b3 52. Rb4 b2 53. Kf7 1-0


[Site "https://www.chess.com"]

[Event "Titled Tuesday Blitz August 31 2021"]
[White "Seemann, Jakub"]
[Black "Nilsen, Tobias Lang"]
[WhiteFideId "21874697"]
[BlackFideId "1521624"]
[WhiteElo "1805"]
[BlackElo "1975"]
[Result "1-0"]
[Round "10"]
[TimeControl "180+1"]
[Date "2021.08.31"]
[WhiteClock "0:01:23"]
[BlackClock "0:00:10"]

1. Nf3 d5 2. b3 Bg4 3. Bb2 e6 4. g3 Bxf3 5. exf3 Nf6 6. Bg2 c5 7. O-O Nc6 8. d3 Be7 9. f4 O-O 10. Nd2 Rc8 11. Nf3 Bd6 12. Ne5 Re8 13. c4 Qc7 14. Nxc6 bxc6 15. d4 dxc4 16. dxc5 Bxc5 17. bxc4 Be7 18. Qc2 Red8 19. Rfd1 Ne8 20. Rab1 Bf6 21. Ba3 Nd6 22. Bc5 Be7 23. Qa4 Nb7 24. Bxe7 Qxe7 25. Qxa7 Rxd1+ 26. Rxd1 Qb4 27. Bxc6 Na5 28. Bf3 Nxc4 29. Qd4 h6 30. Be2 Qb2 31. Bxc4 Qxd4 32. Rxd4 Ra8 33. Bb3 Rc8 34. a4 f6 35. a5 Re8 36. a6 Kh7 37. a7 Kg6 38. Ra4 Ra8 39. Bd1 Rxa7 40. Rxa7 f5 41. Ba4 e5 42. Be8+ Kf6 43. Rf7+ Ke6 44. fxe5 Kxe5 45. Rxg7 f4 46. gxf4+ Kf5 47. Rh7 h5 48. Rxh5+ Kg4 49. Rg5+ Kh4 50. Bg6 Kh3 51. Rg3+ Kh4 52. Bf5 Kh5 53. Rh3# 1-0


[Site "https://www.chess.com"]

[Event "Titled Tuesday Blitz August 31 2021"]
[White "Semcesen, Daniel"]
[Black "Skatchkov, Valery"]
[WhiteFideId "1706993"]
[BlackFideId "24195812"]
[WhiteElo "2505"]
[BlackElo "2199"]
[Result "0-1"]
[Round "10"]
[TimeControl "180+1"]
[Date "2021.08.31"]
[WhiteClock "0:00:30"]
[BlackClock "0:00:59"]

1. d4 Nf6 2. c4 e6 3. Nf3 b6 4. g3 Bb7 5. Bg2 Be7 6. O-O O-O 7. Nc3 Ne4 8. Bd2 Bf6 9. Qc2 Nxd2 10. Qxd2 d6 11. e4 Nd7 12. Rfe1 e5 13. d5 a5 14. b3 Nc5 15. Rab1 g6 16. Qc2 Bg7 17. a3 f5 18. exf5 gxf5 19. Nh4 e4 20. Bh3 Qg5 21. f4 Qh5 22. Bf1 Rae8 23. b4 axb4 24. axb4 Na6 25. Nb5 Re7 26. Kh1 Bf6 27. Ng2 Rg7 28. Qd1 Qh6 29. Ne3 Bd8 30. Nd4 Bc8 31. Bg2 Rxg3 32. Rf1 Rxe3 0-1


[Site "https://www.chess.com"]

[Event "Titled Tuesday Blitz August 31 2021"]
[White "Sengupta, Deep"]
[Black "Polivanov, Anatoliy"]
[WhiteFideId "5008352"]
[BlackFideId "14109468"]
[WhiteElo "2347"]
[BlackElo "2472"]
[Result "1/2-1/2"]
[Round "10"]
[TimeControl "180+1"]
[Date "2021.08.31"]
[WhiteClock "0:00:08"]
[BlackClock "0:00:09"]

1. e4 c5 2. Nf3 g6 3. c3 Bg7 4. h3 Nf6 5. e5 Nd5 6. d4 cxd4 7. cxd4 O-O 8. Bc4 Nb6 9. Bb3 d6 10. O-O dxe5 11. dxe5 Qxd1 12. Rxd1 Nc6 13. Bf4 Be6 14. Nc3 Bxb3 15. axb3 Rfd8 16. Re1 Nd5 17. Bg3 Nxc3 18. bxc3 Rd3 19. Rec1 a5 20. b4 a4 21. b5 Nd8 22. Ra3 Ne6 23. Rb1 Nc5 24. Rb4 e6 25. b6 Bf8 26. Rc4 Ra6 27. Bf4 Rxb6 28. Be3 Rb1+ 29. Kh2 b5 30. Rxc5 Rxe3 31. Rc8 Kg7 32. Rxf8 Rxf3 33. Rb8 Rxf2 34. Rxa4 Rbb2 35. Rg4 h5 36. Rg5 h4 37. Rg4 Rfc2 38. Rc8 b4 39. Rxh4 Rxg2+ 40. Kh1 b3 41. Rch8 Rh2+ 42. Kg1 Rhg2+ 43. Kh1 Rh2+ 44. Kg1 Rhg2+ 45. Kh1 1/2-1/2


[Site "https://www.chess.com"]

[Event "Titled Tuesday Blitz August 31 2021"]
[White "Shahade, Gregory"]
[Black "Milchev, Nikolay"]
[WhiteFideId "2009064"]
[BlackFideId "2906090"]
[WhiteElo "2664"]
[BlackElo "2449"]
[Result "0-1"]
[Round "10"]
[TimeControl "180+1"]
[Date "2021.08.31"]
[WhiteClock "0:00:20"]
[BlackClock "0:00:06"]

1. e4 e5 2. Nf3 Nc6 3. Bb5 Nge7 4. O-O a6 5. Ba4 g6 6. c3 Bg7 7. d4 exd4 8. cxd4 b5 9. Bb3 O-O 10. Bg5 h6 11. Be3 Na5 12. Bc2 Nc4 13. Bc1 d5 14. b3 Nd6 15. e5 Ndf5 16. g4 Nxd4 17. Qxd4 Nc6 18. Qf4 f6 19. e6 f5 20. gxf5 Bxa1 21. Qxh6 Bg7 22. Qxg6 Qf6 23. Qxf6 Bxf6 24. Bh6 Re8 25. Nbd2 Ne7 26. Kh1 Kh7 27. Bg5 Bxg5 28. Nxg5+ Kg7 29. Rg1 Bb7 30. Nf7+ Kf6 31. Nh6 d4+ 32. f3 Ke5 33. Re1+ Kf4 34. f6 Rh8 35. Nf7 Nf5 36. Bxf5 Kxf5 37. Nxh8 Rxh8 38. e7 Kxf6 39. e8=Q Rxe8 40. Rxe8 c5 41. Rb8 Bd5 42. Rb6+ Ke5 43. Rxa6 c4 44. bxc4 bxc4 45. Ra5 c3 46. Nb3 d3 47. Kg1 d2 48. f4+ Ke4 49. Ra4+ Ke3 50. Nxd2 cxd2 51. Ra3+ Ke2 52. Rd3 Kxd3 53. Kf2 d1=Q 0-1


[Site "https://www.chess.com"]

[Event "Titled Tuesday Blitz August 31 2021"]
[White "Shimelkov, Vasiliy"]
[Black "Baskin, Robert"]
[WhiteFideId "13701630"]
[BlackFideId "24662402"]
[WhiteElo "2073"]
[BlackElo "2462"]
[Result "1-0"]
[Round "10"]
[TimeControl "180+1"]
[Date "2021.08.31"]
[WhiteClock "0:00:40"]
[BlackClock "0:00:35"]

1. d4 d5 2. Nf3 Nf6 3. c4 c6 4. Nc3 e6 5. Bg5 Nbd7 6. e3 Qa5 7. Qc2 Ne4 8. cxd5 exd5 9. Bd3 Nxg5 10. Nxg5 h6 11. Nf3 Bd6 12. O-O O-O 13. e4 dxe4 14. Nxe4 Be7 15. Rfe1 Nf6 16. Ng3 Bd6 17. Ne5 Be6 18. Bf5 Rfe8 19. a3 Rad8 20. b4 Qd5 21. Rad1 Bxf5 22. Nxf5 Bxe5 23. dxe5 Rxe5 24. Ne3 Rde8 25. Rxd5 Nxd5 26. h3 Nxe3 27. Rxe3 Rxe3 28. fxe3 Rxe3 29. a4 Re6 30. Qc5 b6 31. Qd4 c5 32. Qd8+ Kh7 33. b5 c4 34. Qc7 Kg6 35. Qxc4 Re7 36. Qc6+ f6 37. Qd6 Kf7 38. Qd5+ Kf8 39. h4 Re5 40. Qa8+ 1-0


[Site "https://www.chess.com"]

[Event "Titled Tuesday Blitz August 31 2021"]
[White "Shuvalov, Evgenij"]
[Black "Todorovic, Bojan"]
[WhiteFideId "4187237"]
[BlackFideId "917087"]
[WhiteElo "2163"]
[BlackElo "2266"]
[Result "1-0"]
[Round "10"]
[TimeControl "180+1"]
[Date "2021.08.31"]
[WhiteClock "0:00:51"]
[BlackClock "0:00:08"]

1. Nf3 Nf6 2. c4 c5 3. g3 b6 4. Bg2 Bb7 5. O-O e6 6. Nc3 Be7 7. d4 cxd4 8. Qxd4 d6 9. Bg5 a6 10. Bxf6 Bxf6 11. Qf4 O-O 12. Rfd1 Bxc3 13. bxc3 Qc7 14. Qxd6 Qxc4 15. Qxb6 Bd5 16. Qb2 Nc6 17. Nd4 Rab8 18. Qd2 Bxg2 19. Kxg2 Rfd8 20. Qe3 Ne7 21. Qd3 Rdc8 22. Qxc4 Rxc4 23. Rab1 Rbc8 24. Rb6 a5 25. Ra6 a4 26. Rb1 Nd5 27. Nb5 Rb8 28. Nd6 Rxb1 29. Ra8+ 1-0


[Site "https://www.chess.com"]

[Event "Titled Tuesday Blitz August 31 2021"]
[White "Sihite, Chelsie Monica Ignesias"]
[Black "Musovic, Armin"]
[WhiteFideId "7101198"]
[BlackFideId "939935"]
[WhiteElo "2224"]
[BlackElo "2250"]
[Result "0-1"]
[Round "10"]
[TimeControl "180+1"]
[Date "2021.08.31"]
[WhiteClock "0:01:57"]
[BlackClock "0:01:48"]

1. c4 c5 2. g3 g6 3. Bg2 Nf6 4. Nf3 Bg7 5. O-O O-O 6. Nc3 Nc6 7. d4 d5 8. cxd5 Nxd5 9. e4 Nxc3 10. bxc3 cxd4 11. cxd4 Bg4 12. e5 Bxf3 13. Bxf3 Qxd4 14. Bxc6 Qxa1 15. Bxb7 Rad8 16. Qa4 Qxe5 17. Be3 a5 18. Bg2 h5 19. h4 Qf5 20. Be4 Qg4 21. Kg2 Be5 22. Bh6 Rd4 23. Qc6 Qxe4+ 24. Qxe4 Rxe4 25. Bxf8 Kxf8 26. Rb1 Ra4 27. Rb5 Bd6 28. Rb2 Ra3 0-1


[Site "https://www.chess.com"]